cohdb
Replays
Latest Replays
All Replays
Popular Replays
Top Player Replays
Match Explorer
How It Works
Community
CoH3 Stats
Reddit
Sign in to upload your games and track your stats! →
Sign in with Steam
Match 46782821
Unlisted
Match 46782821
Overview
Messages
Build Orders
End
Panzergrenadier Squad
Panzergrenadier Squad
250 Light Carrier
Construct Light Support Kompanie
Combat Half-tracks
Selects Panzerjäger Kommand Battlegroup
Selects Blockade Equipment
Fire Support Elements
Veteran Squad Leaders
Panzerjäger Mechanized Group
Selects Defensive Positions
2.5-tonne Medical Truck
Construct Panzerarmee Kommand
Be Frabjous
Nekrocow
water
Hirys it's Irys
mreledil
Butterfinger
Markie21marc
batu182
0
0
Comments
sign in to comment!
No comments posted yet!